Map: Echo LE (Void)

Players

KimJongUn

  • Race: Terran Terran
  • League: Silver
  • Spawn Location: 11:00

Epoch - Winner!

  • Race: Zerg Zerg
  • League: Silver
  • Spawn Location: 5:00

VOD

Have the link to the VOD?

Description

Time

  • Played on: Jan. 16, 2017, 9:24 p.m.
  • Length: 17:29
Show
View Real Time Build Order
Export as new Build Order

KimJongUn Terran 

Build Orders:  

Get SALT Encoding   

  12  0:01  SCV  
  13  0:13  SCV  
  14  0:18  Supply Depot  
  14  0:25  SCV  
  15  0:41  Barracks  
  15  0:42  SCV  
  16  0:51  Refinery  
  16  0:56  SCV  
  17  1:08  SCV  
  18  1:14  Refinery  
  18  1:20  SCV  
  19  1:29  Marine  
  20  1:33  Barracks  
  20  1:35  SCV  
  21  1:47  SCV  
  21  1:53  Supply Depot  
  22  1:59  SCV  
  23  2:06  Barracks Reactor  
  23  2:15  SCV  
  24  2:21  Factory  
  24  2:27  Orbital Command  
  24  2:30  Barracks Reactor  
  24  2:37  Command Center  
  24  2:55  Marine x2  
  26  3:08  Factory Tech Lab  
  26  3:09  Marine x2, Starport  
  26  3:11  SCV  
  29  3:23  SCV  
  28  3:27  Marine x2  
  29  3:35  SCV  
  29  3:38  Marine  
  31  3:44  Supply Depot  
  31  3:48  Marine x3  
  31  3:54  Starport Reactor  
  34  4:02  Engineering Bay  
  34  4:11  Marine x2  
  36  4:19  Siege Tank  
  37  4:37  Marine  
  37  4:38  Marine x2  
  39  4:51  Siege Tank  
  42  4:57  Medivac x2  
  46  5:01  SCV  
  47  5:13  SCV  
  48  5:17  Marine  
  48  5:18  Marine x3  
  52  5:21  Terran Infantry Weapons Level 1  
  52  5:25  SCV  
  52  5:27  Factory Tech Lab  
  53  5:38  Barracks  
  53  5:40  Factory Tech Lab  
  54  5:44  Marine x2, Orbital Command  
  55  6:02  Siege Tank  
  58  6:10  Medivac x2  
  62  6:12  SCV  
  63  6:25  SCV  
  64  6:28  Barracks Tech Lab  
  64  6:34  Missile Turret  
  64  6:37  Marine x2, SCV  
  67  6:46  Engineering Bay  
  67  6:49  Medivac, SCV  
  70  6:55  Missile Turret  
  70  7:01  Stimpack  
  70  7:09  SCV  
  70  7:11  Supply Depot  
  71  7:16  Supply Depot  
  71  7:17  Missile Turret  
  71  7:20  Marine x4  
  71  7:21  SCV  
  77  7:25  Marauder  
  78  7:34  SCV  
  79  7:37  Marine  
  79  7:42  Terran Infantry Armor Level 1  
  80  7:46  SCV  
  80  7:48  Sensor Tower  
  81  7:53  Siege Tank  
  81  7:58  Missile Turret  
  84  8:09  Supply Depot  
  84  8:10  Supply Depot  
  84  8:11  Armory  
  82  8:19  Missile Turret  
  72  8:28  Marine x5  
  77  8:39  Missile Turret  
  77  8:45  Marine  
  77  8:47  Marauder  
  80  8:55  Marine x3  
  83  9:01  Engineering Bay  
  83  9:02  Siege Tank  
  86  9:03  Marine  
  86  9:08  Marauder  
  89  9:10  Refinery  
  89  9:11  Refinery  
  89  9:12  Marine  
  89  9:15  Combat Shields  
  90  9:29  Marauder, SCV x2  
  94  9:33  Marine x2  
  94  9:34  Marine  
  97  9:41  SCV  
  94  9:53  SCV  
  94  9:57  Marine x2  
  94  9:58  Marine, Marauder  
  100  10:06  SCV  
  101  10:19  Marine, Marauder  
  104  10:26  Command Center  
  104  10:34  Siege Tank  
  107  10:40  Terran Infantry Armor Level 2, Terran Infantry Weapons Level 2  
  107  10:41  Marauder  
  99  11:13  Marine x5  
  104  11:27  Command Center  
  104  11:30  Marine  
  104  11:31  Marine x4  
  109  11:40  Orbital Command  
  109  11:48  Sensor Tower, Marine  
  109  11:51  Marine x3, Marauder  
  115  12:05  Viking x2  
  119  12:10  Missile Turret  
  119  12:11  Missile Turret  
  119  12:13  Marauder  
  121  12:15  Missile Turret  
  121  12:17  Missile Turret  
  121  12:27  Orbital Command  
  121  12:35  Viking x2  
  121  12:36  Sensor Tower  
  125  12:52  Orbital Command  
  124  13:08  Viking x2  
  124  13:35  Missile Turret  
  124  13:36  Missile Turret x2  
  124  13:40  Marine  
  124  13:41  Marine x3, Marauder  
  128  13:48  SCV  
  131  13:58  Marine x2, Orbital Command  
  131  13:59  Marine x2  
  131  14:00  SCV  
  138  14:03  Marauder  
  135  14:12  SCV  
  133  14:24  Marauder  
  131  14:37  Viking x2  
  135  14:45  Marauder  
  135  14:53  Missile Turret  
  135  14:56  Missile Turret  
  135  14:57  Missile Turret  
  134  15:07  Viking x2, Marauder  
  134  15:14  SCV  
  138  15:22  Marine  
  138  15:26  SCV x2  
  141  15:37  Viking x2  
  141  15:38  SCV  
  145  15:50  SCV  
  144  16:02  SCV  
  120  16:28  Marine  
  120  16:29  Marine x4  
  120  16:30  Viking  
  127  16:33  SCV  
  128  16:45  SCV  
  128  16:46  Marine x5  
Show
View Real Time Build Order
Export as new Build Order

Epoch Zerg - Winner!

Build Orders: Hatch First 

Get SALT Encoding   

  12  0:09  Overlord  
  12  0:18  Drone x2  
  14  0:31  Drone  
  15  0:41  Drone  
  16  0:53  Hatchery  
  15  1:03  Drone x2  
  17  1:29  Spawning Pool  
  17  1:32  Extractor  
  15  1:34  Overlord x2  
  15  2:22  Queen x2  
  19  2:24  Zergling x10  
  24  2:36  Metabolic Boost  
  24  2:39  Extractor  
  23  2:58  Drone x5  
  26  2:59  Drone  
  27  3:36  Zergling x2  
  27  3:37  Zergling x12  
  27  3:38  Zergling x2  
  35  3:46  Queen  
  37  3:51  Overlord x2  
  37  4:03  Drone x3  
  37  4:07  Drone x2  
  42  4:13  Queen  
  33  4:52  Roach Warren  
  32  4:56  Queen  
  32  4:58  Drone x4  
  38  5:05  Lair  
  38  5:07  Drone  
  38  5:10  Zergling x4  
  38  5:11  Zergling x8  
  45  5:21  Drone  
  45  5:22  Drone  
  45  5:23  Drone  
  48  5:35  Queen  
  48  5:37  Overlord  
  48  5:38  Overlord  
  50  5:45  Drone x2  
  52  5:52  Extractor  
  52  5:54  Drone  
  52  5:55  Drone x2, Extractor  
  53  6:08  Evolution Chamber  
  53  6:10  Evolution Chamber  
  51  6:33  Overlord x2  
  51  6:37  Zerg Missile Weapons Level 1  
  51  6:38  Zerg Ground Armor Level 1  
  51  6:40  Glial Reconstitution  
  51  6:54  Roach  
  51  6:55  Roach x7  
  51  6:56  Roach x4  
  75  7:02  Drone  
  78  7:22  Roach  
  78  7:23  Roach x6  
  90  7:41  Drone  
  90  7:42  Overlord x5  
  91  7:52  Burrow  
  91  7:59  Drone  
  48  8:30  Spine Crawler  
  48  8:34  Spine Crawler  
  46  8:41  Baneling Nest  
  45  8:45  Zergling x4  
  45  8:46  Zergling x12  
  45  8:47  Zergling x2  
  54  8:51  Hatchery  
  53  9:00  Zerg Missile Weapons Level 2  
  53  9:02  Zerg Ground Armor Level 2  
  53  9:20  Drone  
  53  9:21  Drone  
  53  9:23  Roach x3  
  61  9:27  Drone  
  61  9:28  Drone  
  63  9:34  Baneling x4  
  63  9:35  Baneling  
  63  9:38  Drone  
  61  10:01  Drone  
  61  10:02  Drone x5  
  61  10:06  Roach x2  
  71  10:20  Spire  
  70  10:25  Drone x2  
  72  10:46  Baneling x3  
  72  10:47  Baneling x6  
  72  10:51  Drone x2  
  72  10:54  Queen  
  76  11:02  Drone x2  
  60  11:34  Mutalisk x7  
  60  11:35  Mutalisk x5  
  60  11:36  Mutalisk x2  
  88  11:40  Overseer x2  
  88  11:47  Extractor  
  88  11:48  Extractor  
  88  11:50  Drone x3  
  89  12:12  Drone x3  
  89  12:14  Drone x3  
  95  12:22  Zergling x4  
  97  12:23  Zergling x14  
  97  12:24  Zergling x2  
  97  13:23  Mutalisk x7  
  97  13:24  Mutalisk x4  
  119  13:48  Infestation Pit  
  118  13:57  Overlord x3  
  92  14:51  Mutalisk x6  
  92  14:52  Mutalisk x4  
  112  15:31  Hive  
  112  15:38  Corruptor x2  
  112  15:39  Corruptor x6  
  112  15:40  Corruptor  
  118  16:23  Mutalisk x5  
  118  16:24  Mutalisk x6  
  128  16:57  Overlord x2  
  128  16:58  Overlord x3  
Tags
 
Add a new tag
Caveats
  • Supply blocks, unpowered buildings, or Contaminate may cause inaccurate times.
  • Supply counts are checked every 10 seconds.